 Dungeon Crawl Stone Soup version 0.29.1-1-gd02db6906a (webtiles) character file.

Game seed: 8977296943386355984

1163 Earthwalker the Covered (level 8, 0/70 HPs)
             Began as a Minotaur Fighter on Oct 13, 2022.
             Slain by a gnoll
             ... wielding a +0 spear
             ... led by a gnoll bouda
              (4 damage)
             ... on level 6 of the Dungeon.
             The game lasted 00:08:58 (5514 turns).

Earthwalker the Covered (Minotaur Fighter)          Turns: 5514, Time: 00:08:58

Health: 0/70       AC:  7    Str: 23    XL:     8   Next: 17%
Magic:  7/7        EV: 11    Int:  5    God:
Gold:   249        SH: 10    Dex: 10    Spells: 7/7 levels left

rFire   . . .      SeeInvis .   a - +0 trident
rCold   . . .      Faith    .   c - +0 buckler
rNeg    + . .      Spirit   .   b - +0 scale mail
rPois   .          Reflect  +   (helmet restricted)
rElec   .          Harm     .   (no cloak)
rCorr   .          Rampage  .   (no gloves)
Will    .....                   (no boots)
Stlth   ..........              g - amulet of reflection
HPRegen 0.21/turn               h - ring of positive energy
MPRegen 0.10/turn               (no ring)

@: weakened
A: horns 2, retaliatory headbutt
a: no special abilities


You were on level 6 of the Dungeon.
You visited 1 branch of the dungeon, and saw 6 of its levels.

You collected 249 gold pieces.

Inventory:

Hand Weapons
 a - a +0 trident (weapon)
Missiles
 z - 12 poisoned darts (quivered)
Armour
 b - a +0 scale mail (worn)
 c - a +0 buckler (worn)
 p - a +2 tower shield
 B - a +2 robe of fire resistance
Jewellery
 g - an amulet of reflection (around neck)
 h - a ring of positive energy (left hand)
 t - a ring of magical power
 x - a ring of wizardry
 A - an amulet of faith
Wands
 e - a wand of roots (10)
 u - a wand of polymorph (19)
 y - a wand of paralysis (10)
Scrolls
 f - a scroll of summoning
 i - 3 scrolls of fear
 j - 2 scrolls of fog {unknown}
 k - 3 scrolls of blinking {unknown}
 n - a scroll of noise {unknown}
 q - a scroll of torment {unknown}
 r - 2 scrolls of teleportation {unknown}
 v - a scroll of immolation {unknown}
 D - a scroll of identify
Potions
 d - 2 potions of might
 l - a potion of attraction
 m - a potion of mutation
 o - 2 potions of curing
 s - a potion of brilliance {unknown}
 w - a potion of degeneration {unknown}
 C - a potion of heal wounds {unknown}


   Skills:
 * Level 6.2 Fighting
 * Level 5.6 Polearms
 * Level 6.4 Armour
 * Level 4.5 Dodging
 * Level 6.3 Shields


You had 7 spell levels left.
You didn't know any spells.
Your spell library contained the following spells:

 Spells                   Type           Power      Damage    Failure   Level
 Magic Dart               Conj           0%         1d3       85%         1
 Searing Ray              Conj           0%         2d4       94%         2
 Anguish                  Hex/Necr       0%         N/A       100%        4
 Fulminant Prism          Conj/Hex       0%         3d6       100%        4
 Enfeeble                 Hex            0%         N/A       100%        7


Dungeon Overview and Level Annotations

Branches:
Dungeon (6/15)
 Temple: D:4-7

Altars:
Elyvilon
Nemelex Xobeh
Xom
Zin

Shops:
D:4 :

Annotations:
D:3 2 runed translucent doors


Innate Abilities, Weirdness & Mutations

You have a pair of horns on your head.
You reflexively headbutt those who attack you in melee.


Message History

The gnoll bouda closely misses you.
You hit the gnoll bouda.
The gnoll bouda is heavily wounded.
The gnoll bouda misses you.
You hit the gnoll bouda but do no damage.
The gnoll bouda is heavily wounded.
The gnoll bouda gazes fiercely through you!
You feel as though you will be weak longer.
The gnoll bouda hits you but does no damage.
You hit the gnoll bouda but do no damage.
The gnoll bouda is heavily wounded.
You block the gnoll bouda's attack.
A gnoll comes into view. It is wielding a +0 spear.
You hit the gnoll bouda.
The gnoll bouda is severely wounded.
The gnoll bouda hits you with a +0 whip!
* * * LOW HITPOINT WARNING * * *
You closely miss the gnoll bouda. Your headbutt misses the gnoll bouda.
The gnoll bouda is severely wounded.
The gnoll bouda prays to its god.
The gnoll bouda is healed somewhat.
The gnoll bouda barks out a call to the hunt!
The gnoll picks up the pace!
You closely miss the gnoll bouda. Your headbutt misses the gnoll bouda.
The gnoll bouda is heavily wounded.
You block the gnoll's attack. The gnoll bouda completely misses you.
You puncture the gnoll bouda!
The gnoll bouda is almost dead.
You block the gnoll's attack.
The gnoll bouda mumbles some strange prayers to its god.
The gnoll bouda is healed somewhat.
You barely miss the gnoll bouda.
The gnoll bouda is severely wounded.
You block the gnoll's attack. You block the gnoll bouda's attack.
The gnoll hits you from afar with a +0 spear.
* * * LOW HITPOINT WARNING * * *
You closely miss the gnoll bouda. You headbutt the gnoll bouda!
You kill the gnoll bouda!
The gnoll hits you from afar with a +0 spear.
You die...

...............#
................####
..#.............#
...............#
#.............#
#..........†.#
####...........#
#.........)))..###
#........)@†g....#
#.......######...#
####...## ...:...
#..$# ...#... #...#
...#.S. ##o.. ...# .
#.... .... ..o.o.
...## ......g.


You could see a gnoll (swift).

Vanquished Creatures
  Sigmund (D:5)
  Edmund (D:5)
  An ice beast (D:5)
  2 ogres
  2 scorpions
  A howler monkey (D:5)
  A gnoll bouda (D:6)
  2 hounds
  A jelly (D:4)
  5 orc wizards
  Robin (D:2)
  7 gnolls
  7 adders
  An ufetubus (D:5)
  9 orcs
  3 bats
  4 endoplasms
  6 giant cockroaches
  12 goblins
  7 hobgoblins
  6 jackals
  6 kobolds
  7 quokkas
  10 ball pythons
  4 frilled lizards
  22 rats
129 creatures vanquished.

Notes
Turn   | Place    | Note
-------+----------+-------------------------------------------
     0 | D:1      | Earthwalker the Minotaur Fighter began the quest for the
                  | Orb.
     0 | D:1      | Reached XP level 1. HP: 19/19 MP: 0/0
    82 | D:1      | Reached XP level 2. HP: 27/27 MP: 1/1
   325 | D:1      | Reached skill level 1 in Dodging
   423 | D:1      | Reached XP level 3. HP: 33/33 MP: 2/2
   567 | D:1      | Found a faded altar of an unknown god.
   845 | D:2      | Found a shimmering altar of Xom.
  1333 | D:2      | Noticed Robin
  1355 | D:2      | Killed Robin
  1678 | D:3      | Reached XP level 4. HP: 34/40 MP: 3/3
  1892 | D:3      | Found a large runed translucent door.
  1899 | D:3      | Found a large runed translucent door.
  1899 | D:3      | Found a shimmering altar of Xom.
  2507 | D:3      | Reached XP level 5. HP: 37/47 MP: 4/4
  2962 | D:4      | Found a sparkling altar of Nemelex Xobeh.
  2993 | D:4      | Found a glowing silver altar of Zin.
  3312 | D:4      | Reached XP level 6. HP: 55/55 MP: 5/5
  3457 | D:4      | Reached skill level 5 in Armour
  3664 | D:4      | Found Yguidghua's Tremendous Tomes.
  3823 | D:5      | Entered Level 5 of the Dungeon
  3941 | D:5      | Reached skill level 5 in Fighting
  3941 | D:5      | Reached skill level 5 in Shields
  4107 | D:5      | Found a white marble altar of Elyvilon.
  4230 | D:5      | Noticed Edmund
  4249 | D:5      | Killed Edmund
  4489 | D:5      | Reached XP level 7. HP: 45/61 MP: 6/6
  4817 | D:5      | Reached skill level 5 in Polearms
  5099 | D:5      | Noticed Sigmund
  5122 | D:5      | Killed Sigmund
  5363 | D:6      | Reached XP level 8. HP: 64/70 MP: 7/7
  5514 | D:6      | Slain by a gnoll

Illustrated notes

Levels and vault maps discovered:
D:1:      ncdulo_halloftheorcs, layout_rooms,
          hellmonk_ecumenical_altar_inner_sanctum,
          chequers_serial_rivers_micro_c, minmay_misc_feat_pillars,
          chequers_serial_rivers_micro_d, ebering_dispersal_statue_hall,
          minmay_tetromino_i2
D:2:      layout_basic, basic_altar, kennysheep_pointless_box,
          serial_bayou_crossing, uniq_robin
D:3:      due_chaos_kobolds, layout_basic, item_on_display_a
D:4:      nicolae_BIG_FREAKIN_CUBE, layout_basic,
          mainiacjoe_overflow_surrounded_room, zin_statuary,
          nicolae_shop_i_like_big_books, minmay_rat_hole
D:5:      layout_loops_corners, elyvilon_altar_4, chequers_serial_rivers_room_b,
          kennysheep_generic_room_11, uniq_sigmund, uniq_edmund
D:6:      nicolae_cairo_tiling_large_dashed, layout_basic, tgw_kikubaaqudgha,
          serial_rivers, chequers_serial_rivers_micro_c,
          chequers_serial_rivers_small_b, chequers_serial_rivers_room_a,
          chequers_serial_rivers_micro_a, chequers_serial_rivers_micro_b,
          minmay_manual_monolith

Skill      XL: |  1  2  3  4  5  6  7 |
---------------+----------------------+-----
Dodging        | 1 2 3 4 |  4.5
Shields        | 4 5 6 |  6.3
Armour         | 4 5 6 |  6.4
Fighting       | 4 5 6 |  6.2
Polearms       | 3 4 5 |  5.6

Action                   |  1- 3 |  4- 6 |  7- 9 || total
-------------------------+-------+-------+-------++-------
Melee: Trident           |   120 |   167 |   117 ||   404
       Headbutt          |    13 |    20 |    24 ||    57
Throw: Dart              |       |       |     1 ||     1
  Use: Scroll            |       |     5 |       ||     5
Armor: Scale mail        |    33 |    36 |    20 ||    89
Dodge: Dodged            |    36 |    40 |    43 ||   119
Block: Buckler           |    33 |    60 |    56 ||   149
       Reflection        |       |       |     1 ||     1
